 Dungeon Crawl Stone Soup version 0.30-a0-1161-g0704695555 (webtiles) character file.

Game seed: 18412063445513384086

77 NateTC the Shooter (level 3, -2/30 HPs)
             Began as a Demigod Hunter on Apr 27, 2023.
             Slain by an orc
             ... wielding a +0 dagger
              (4 damage)
             ... on level 3 of the Dungeon.
             The game lasted 00:04:26 (1936 turns).

NateTC the Shooter (Demigod Hunter)                 Turns: 1936, Time: 00:04:27

Health: -2/30      AC:  3    Str: 12    XL:     3   Next: 91%
Magic:  5/5        EV: 12    Int: 11    God:
Gold:   98         SH:  0    Dex: 21    Spells: 2/2 levels left

rFire   . . .        a - +0 shortbow
rCold   . . .        (shield currently unavailable)
rNeg    . . .        c - +0 leather armour
rPois   .            (no helmet)
rElec   .            (no cloak)
rCorr   .            (no gloves)
SInv    .            (no boots)
Will    +....        (no amulet)
Stlth   ++           f - ring of willpower
HPRegen 0.25/turn    (no ring)
MPRegen 0.09/turn

%: no passive effects
@: about to teleport
A: high MP 1, forlorn, divine attributes
a: no special abilities


You were on level 3 of the Dungeon.
You visited 1 branch of the dungeon, and saw 3 of its levels.

You collected 98 gold pieces.

Inventory:

Hand Weapons
 a - a +0 shortbow (weapon)
Armour
 c - a +0 leather armour (worn)
Jewellery
 f - a ring of willpower (left hand)
Scrolls
 b - a scroll of immolation
 e - 2 scrolls of teleportation
Potions
 d - a potion of heal wounds
 g - a potion of degeneration
 i - 2 potions of curing
 k - a potion of cancellation {unknown}
 l - 2 potions of might {unknown}
 m - a potion of berserk rage {unknown}


   Skills:
 + Level 2.6 Fighting
 * Level 4.6 Ranged Weapons
 - Level 1.9 Dodging
 - Level 1.1 Stealth


You had 2 spell levels left.
You didn't know any spells.
Your spell library contained the following spells:

 Spells                   Type           Power      Damage    Failure   Level
 Anguish                  Hex/Necr       0%         N/A       99%         4
 Enfeeble                 Hex            0%         N/A       100%        7


Dungeon Overview and Level Annotations

Branches:
Dungeon (3/15) Zot: 16016

Shops:
D:1 ((*(


Innate Abilities, Weirdness & Mutations

You have an increased reservoir of magic. (+10% MP)
You shall have no god before yourself.
Your divine heritage dramatically boosts your attributes as you level up.


Message History

You shoot an arrow. The arrow hits the orc.
You kill the orc!
An orc wizard comes into view. It is wielding a +2 dagger of pain.
There are monsters nearby!
You shoot an arrow. The arrow barely misses the orc wizard.
The orc wizard shouts!
There are monsters nearby!
You shoot an arrow.
The arrow hits the orc wizard but does no damage.
The orc wizard closely misses you.
You shoot an arrow. The arrow hits the orc wizard.
The orc wizard is moderately wounded.
The orc wizard hits you but does no damage.
You shoot an arrow. The arrow hits the orc wizard!
The orc wizard is almost dead.
The orc closely misses you. The orc hits you with a +0 dagger.
You hear some strange, mumbled words.
A puff of flame appears from out of thin air!
The puff of flame hits you!
The orc wizard gestures at you while chanting.
The magic dart hits you!
* * * LOW HITPOINT WARNING * * *
You are too injured to fight recklessly!
You are too injured to fight recklessly!
You are too injured to fight recklessly!
You are too injured to fight recklessly!
As you read the scroll of teleportation, it crumbles to dust.
You feel strangely unstable.
An adder comes into view.
Something hits you but does no damage.
The orc wizard gestures at you while chanting.
You resist with almost no effort.
The orc wizard gestures wildly while chanting.
The orc wizard flickers and vanishes!
The orc hits you but does no damage.
The adder hisses angrily.
Something hits you.
* * * LOW HITPOINT WARNING * * *
Something hits you but does no damage. The orc attacks as you move away!
The orc hits you with a +0 dagger.
You die...

....... ##.....#
# ...... .#
#.#..... ..
#.#.... .#
#.....# .#
.###.....####.#
......{..##...#
.....){@......#
......oo###...#
S#####.## ##..#
#. #..#
#.#####..#
.........#
#.######.#######.
#. ###........
##8#........


You could see an orc wizard, an adder and an orc.

Vanquished Creatures
  4 adders
  An orc (D:3)
  6 ball pythons
  4 endoplasms
  2 giant cockroaches
  5 hobgoblins (D:1)
  3 kobolds
  3 quokkas (D:1)
  4 bats
  5 frilled lizards
  3 rats
40 creatures vanquished.

Notes
Turn   | Place    | Note
-------+----------+-------------------------------------------
     0 | D:1      | NateTC the Demigod Hunter began the quest for the Orb.
     0 | D:1      | Reached XP level 1. HP: 17/17 MP: 3/3
    39 | D:1      | Found Ucloleh's Assorted Antiques.
    68 | D:1      | Reached skill level 1 in Stealth
   103 | D:1      | Found Ygezxir's Weapon Shoppe.
   295 | D:1      | Reached XP level 2. HP: 24/24 MP: 4/4
   432 | D:1      | Found Bihij's Antique Weapon Emporium.
   570 | D:1      | Found Meybuvo's Weapon Emporium.
   585 | D:1      | Reached skill level 4 in Ranged Weapons
  1012 | D:2      | Reached XP level 3. HP: 11/30 MP: 5/5
  1936 | D:3      | Slain by an orc

Illustrated notes

Levels and vault maps discovered:
D:1:      saegor_arrival_simple_b, layout_basic, serial_shops, shop, shop, shop,
          shop, minmay_misc_feat_columns, nicolae_eternal_life,
          minmay_pentomino_v2
D:2:      layout_basic
D:3:      layout_loops_ring, zin_purify, hellmonk_ecumenical_altar_blasted,
          minmay_misc_feat_tiny, grunt_ministairs_8, roderic_roman_lattice

Skill      XL: |  1  2 |
---------------+-------+-----
Stealth        | 1 |  1.1
Fighting       | 2 |  2.6
Ranged Weapons | 4 |  4.6
Dodging        | |  1.9

Action                     || total
---------------------------++-------
   Fire: Shortbow          ||   141
    Use: Scroll            ||     7
 Armour: Leather armour    ||    29
  Dodge: Dodged            ||    80

Table legend: (Time is in decaauts)
 A = Elapsed time spent in this place.
 B = Non-inter-level travel time spent in this place.
 C = Inter-level travel time spent in this place.
 D = Time resting spent in this place.
 E = Time spent auto-exploring this place.
 F = Levels seen in this place.
 G = Mean time per level.
                   A        B        C        D        E       F      G
               +--------+--------+--------+--------+--------+-----+--------+
         Total |   1983 |   1924 |     59 |    353 |   1089 |   3 |  661.0 |
       Dungeon |   1983 |   1924 |     59 |    353 |   1089 |   3 |  661.0 |
               +--------+--------+--------+--------+--------+-----+--------+

Top non-repeatable levels by time:
     D:1: 967 daAuts
     D:2: 913 daAuts
     D:3: 102 daAuts
